Map: Lerilak Crest

Players

SticklerMac - Winner!

  • Race: Zerg Zerg
  • League: Grandmaster

CptCosmotic

  • Race: Terran Terran
  • League: Bronze

VOD

Have the link to the VOD?

Description

Time

  • Played on: Sept. 19, 2015, 5:06 p.m.
  • Length: 5:48
Show
View Real Time Build Order
Export as new Build Order

SticklerMac Zerg - Winner!

Build Orders: Hatch First, Zergling Baneling 

Get SALT Encoding   

  12  0:00  Drone  
  13  0:08  Drone  
  14  0:19  Overlord  
  14  0:25  Drone, Extractor  
  15  0:39  Drone  
  16  0:44  Drone  
  17  0:57  Hatchery  
  17  1:01  Drone  
  17  1:06  Drone  
  18  1:18  Spawning Pool  
  18  1:21  Drone  
  18  1:31  Drone  
  19  1:35  Extractor  
  19  1:39  Drone  
  19  1:48  Drone  
  20  1:59  Overlord  
  20  2:10  Queen  
  20  2:11  Queen  
  20  2:12  Drone x2  
  26  2:21  Drone x2  
  28  2:34  Drone x2  
  28  2:36  Metabolic Boost  
  30  2:46  Drone x2  
  32  2:56  Drone  
  32  2:57  Drone  
  34  3:03  Baneling Nest  
  34  3:12  Drone  
  34  3:18  Zergling x2  
  34  3:19  Zergling x2  
  36  3:21  Overlord x6  
  36  3:39  Zergling x2  
  36  3:42  Queen  
  36  3:43  Queen  
  40  3:56  Zergling x20  
  40  3:58  Zergling x2  
  50  4:18  Zergling x2  
  50  4:19  Zergling x8  
  55  4:35  Hatchery  
  53  4:41  Zergling x14  
  53  4:42  Zergling x4  
  62  4:50  Baneling  
  62  4:51  Baneling x11  
  62  4:52  Zergling x2  
  63  4:54  Zergling x2  
  64  5:06  Zergling x2  
  65  5:07  Zergling x10  
  65  5:08  Zergling x2  
Show
View Real Time Build Order
Export as new Build Order

CptCosmotic Terran 

Build Orders:  

Get SALT Encoding   

  12  0:02  SCV  
  13  0:17  SCV  
  13  0:18  Supply Depot  
  14  0:29  SCV  
  15  0:42  SCV, Barracks  
  16  0:51  Refinery  
  16  0:54  SCV  
  17  1:05  Supply Depot  
  17  1:06  SCV  
  18  1:18  SCV  
  19  1:30  SCV  
  20  1:37  Reaper  
  21  1:45  Command Center  
  21  1:54  Orbital Command  
  21  2:20  Reaper  
  22  2:31  Factory  
  22  2:34  Refinery  
  22  2:35  SCV  
  23  2:47  SCV  
  23  2:48  Engineering Bay, Barracks  
  24  2:59  SCV, Reaper  
  24  3:01  Orbital Command  
  26  3:11  SCV  
  27  3:21  Factory Tech Lab  
  27  3:38  Barracks Tech Lab  
  27  3:42  Barracks Reactor  
  26  4:00  Bunker  
  26  4:07  Marauder  
  27  4:32  Barracks Reactor  
  25  4:40  Hellion x2  
  29  4:55  Orbital Command  
  29  5:00  Marine  
  29  5:01  Hellion  
  29  5:02  Hellion  
  29  5:06  SCV  
  35  5:08  Factory  
  35  5:18  SCV, Marine  
Tags
 
Add a new tag
Caveats
  • Supply blocks, unpowered buildings, or Contaminate may cause inaccurate times.
  • Supply counts are checked every 10 seconds.